 Dungeon Crawl Stone Soup version 0.27-a0-836-gfc908b8576 (webtiles) character file.

Game seed: 12137505958344745169

82997 Hasart the Frost Mage (level 15, -2/103 HPs)
             Began as a Mummy Ice Elementalist on Mar 28, 2021.
             Was an Initiate of Gozag.
             Slain by a phantasmal warrior (27 damage)
             ... led by a death knight
             ... on level 14 of the Dungeon on Mar 31, 2021.
             The game lasted 01:47:57 (34742 turns).

Hasart the Frost Mage (Mummy Ice Elementalist)     Turns: 34742, Time: 01:47:58

Health: -2/103     AC: 18    Str: 15    XL:     15   Next: 31%
Magic:  1/32       EV: 13    Int: 20    God:    Gozag
Gold:   577        SH:  5    Dex: 14    Spells: 7/40 levels left

rFire    . . .     SeeInvis +   L - +9 scimitar of Defilement {drain, SInv}
rCold    . . .     Faith    .   s - +0 buckler
rNeg     + + +     Spirit   .   q - +0 acid dragon scales
rPois    ∞         Reflect  .   x - +2 hat
rElec    .         Harm     .   (no cloak)
rCorr    +         Rampage  .   F - +1 pair of gloves
Will     +....                  (no boots)
Stlth    +.........             j - amulet of regeneration
HPRegen  1.27/turn              c - ring of fire
MPRegen  0.23/turn              m - ring "Ifoulloq" {Will+ Str+4}

@: ice-armoured, weak-willed
A: cold resistance 1, negative energy resistance 3, torment resistance 2,
unbreathing 1, heat vulnerability 1, in touch with death 1, no potions
a: Renounce Religion, Potion Petition, Call Merchant, Bribe Branch


You were on level 14 of the Dungeon.
You worshipped Gozag.
Gozag was pleased with you.
You visited 3 branches of the dungeon, and saw 22 of its levels.
You visited 1 bazaar.
You also visited: Ice Cave.

You collected 7673 gold pieces.
You spent 3403 gold pieces at shops.
You paid 3693 gold pieces to Gozag.

Inventory:

Hand Weapons
 f - a +3 falchion of electrocution
 L - the +9 scimitar of Defilement (weapon) {drain, SInv}
   (You bought it in a shop on level 12 of the Dungeon)

   A truly terrible weapon, it drains the life of those it strikes.
   It lets you see invisible.
Missiles
 p - 7 javelins (quivered)
Armour
 a - a +1 robe
 q - +0 acid dragon scales (worn)
 s - a +0 buckler (worn)
 t - the +0 ring mail of Instinct {rElec Dex+2}
   (You found it on level 3 of the Lair of Beasts)

   It affects your dexterity (+2).
   It insulates you from electricity.
 x - a +2 hat (worn)
 F - a +1 pair of gloves (worn)
 H - the +1 robe "Toz Gour" {+Fly rC+ Will+}
   (You found it in an ice cave)

   It protects you from cold.
   It grants you flight.
   It increases your willpower.
Jewellery
 c - a ring of fire (left hand)
 h - a ring of fire
 i - a ring of see invisible
 j - an amulet of regeneration (around neck)
 m - the ring "Ifoulloq" (right hand) {Will+ Str+4}
   (You acquired it on level 2 of the Lair of Beasts)

   [ring of willpower]

   It affects your strength (+4).
   It increases your willpower.
 n - an amulet of reflection
 r - a ring of protection from cold
 y - a ring of magical power
 C - an amulet of guardian spirit
 G - an amulet of faith
 K - a ring of fire
Wands
 k - a wand of flame (25)
 u - a wand of paralysis (6)
 w - a wand of polymorph (8)
 A - a wand of digging (11)
 D - a wand of iceblast (10)
 J - a wand of acid (8)
Scrolls
 b - 7 scrolls of amnesia
 d - 3 scrolls of fear
 e - 11 scrolls of identify
 g - 4 scrolls of vulnerability
 l - a scroll of enchant weapon
 o - 5 scrolls of enchant armour
 v - 2 scrolls of magic mapping
 z - 6 scrolls of teleportation
 B - a scroll of brand weapon
 E - 2 scrolls of torment
 I - a scroll of silence


   Skills:
 - Level 5.0 Fighting
 - Level 5.0 Long Blades
 - Level 5.0 Armour
 - Level 5.0 Dodging
 - Level 1.5 Stealth
 - Level 5.0 Shields
 - Level 13.0 Spellcasting
 - Level 8.0 Conjurations
 - Level 6.0 Summonings
 + Level 4.7 Fire Magic
 * Level 13.3 Ice Magic
 - Level 6.0 Air Magic
 - Level 4.0 Poison Magic


You had 7 spell levels left.
You knew the following spells:

 Your Spells              Type           Power      Damage    Failure   Level
a - Freeze                Ice            100%       1d11      1%          1
b - Frozen Ramparts       Ice            100%       1d12      1%          3
c - Summon Ice Beast      Ice/Summ       51%        N/A       1%          4
d - Hailstorm             Conj/Ice       53%        3d12      1%          4
e - Ozocubu's Armour      Ice            60%        N/A       1%          3
f - Mephitic Cloud        Conj/Pois/Air  37%        N/A       1%          3
g - Blink                 Tloc           N/A        N/A       11%         2
h - Fireball              Conj/Fire      27%        3d12      14%         5
s - Summon Lightning Spi  Summ/Air       37%        N/A       6%          4
x - Sticky Flame          Conj/Fire      55%        2d7       4%          4

Your spell library contained the following spells:

 Spells                   Type           Power      Damage    Failure   Level
 Foxfire                  Conj/Fire      100%       2x1d9     1%          1
 Magic Dart               Conj           100%       1d8       1%          1
 Summon Small Mammal      Summ           100%       N/A       1%          1
 Call Imp                 Summ           37%        N/A       1%          2
 Ensorcelled Hibernation  Hex/Ice        78%        N/A       1%          2
 Poisonous Vapours        Pois/Air       66%        N/A       1%          2
 Call Canine Familiar     Summ           37%        N/A       1%          3
 Conjure Flame            Conj/Fire      55%        6-21      1%          3
 Corpse Rot               Necr/Air       N/A        N/A       3%          2
 Dazzling Flash           Conj/Hex       58%        N/A       4%          3
 Summon Guardian Golem    Hex/Summ       25%        N/A       6%          3
 Corona                   Hex            14%        N/A       7%          1
 Iskenderun's Battlesphe  Conj           45%        2d10      7%          5
 Inner Flame              Hex/Fire       33%        N/A       8%          3
 Slow                     Hex            13%        N/A       11%         2
 Olgreb's Toxic Radiance  Pois           29%        N/A       13%         4
 Metabolic Englaciation   Hex/Ice        19%        N/A       13%         5
 Confusing Touch          Hex            13%        N/A       21%         3
 Gell's Gravitas          Tloc           6%         N/A       21%         3
 Portal Projectile        Hex/Tloc       26%        N/A       21%         3
 Tukima's Dance           Hex            13%        N/A       21%         3
 Bolt of Magma            Conj/Fire/Erth 22%        4d11      34%         5
 Silence                  Hex/Air        12%        N/A       50%         5
 Conjure Ball Lightning   Conj/Air       20%        3x3d6     52%         6
 Cause Fear               Hex            6%         N/A       56%         4
 Dispel Undead            Necr           19%        3d11      56%         4
 Leda's Liquefaction      Hex/Erth       6%         N/A       56%         4
 Petrify                  Tmut/Erth      13%        N/A       56%         4
 Agony                    Necr           19%        N/A       88%         5
 Excruciating Wounds      Necr           9%         N/A       88%         5
 Yara's Violent Unravell  Hex/Tmut       6%         3d5       88%         5
 Iron Shot                Conj/Erth      14%        9d4       90%         6
 Orb of Destruction       Conj           22%        9d9       91%         7
 Spellforged Servitor     Conj/Summ      20%        N/A       97%         7
 Eringya's Noxious Bog    Tmut/Pois      10%        N/A       99%         6
 Chain Lightning          Conj/Air       20%        N/A       100%        8
 Lehudib's Crystal Spear  Conj/Erth      14%        10d5      100%        8
 Absolute Zero            Ice            30%        ∞         100%        9
 Fire Storm               Conj/Fire      27%        8d7       100%        9
 Tornado                  Air            18%        N/A       100%        9
 Ice Form                 Ice/Tmut       Unusable   N/A       N/A         4
 Beastly Appendage        Tmut           Unusable   N/A       N/A         1
 Spider Form              Tmut/Pois      Unusable   N/A       N/A         3
 Sublimation of Blood     Necr           Unusable   N/A       N/A         2
 Wereblood                Tmut           Unusable   N/A       N/A         2
 Blade Hands              Tmut           Unusable   N/A       N/A         6

Dungeon Overview and Level Annotations

Branches:
Dungeon (14/15) Temple (0/1) D:5 Lair (6/6) D:11 Swamp (0/4) Lair:4 Snake (0/4) Lair:4 Slime (0/5) Lair:6 Orc (2/2) D:12 Elf (0/3) Orc:2 Vaults (0/5) D:12 D:13 IceCv (visited)

Altars:
Ashenzari
Cheibriados
Dithmenos
Elyvilon
Fedhas
Gozag
Kikubaaqudgha
Makhleb
Okawaru
Trog
Uskayaw
Wu Jian
Xom
Zin

Shops:
D:6 =   D:12 *(   D:13 =   Orc:2 ([[!

Annotations:
D:8 3 runed translucent doors, polve's ghost, novice DsAK
D:12 2 transporters, t4s4d4r's ghost, journeyman OpFi


Innate Abilities, Weirdness & Mutations

You are immune to poison.
Your flesh is cold resistant. (rC+)
You are immune to negative energy. (rN+++)
You are immune to unholy pain and torment.
You can survive without breathing.
You are vulnerable to heat. (rF-)
You are in touch with the powers of death.
You do not drink.


Message History

Casting: Fireball (dangerous; 14% risk of failure)
Confirm with . or Enter, or press ? or * to list all spells.
Aiming: Fireball (dangerous; 14% risk of failure)
Press: ? - help, Shift-Dir - straight line You feel a surge of power!
The fireball explodes!
The fireball engulfs the phantasmal warrior!
The phantasmal warrior is heavily damaged.
You block the phantasmal warrior's attack.
Unknown command.
Unknown command.
Unknown command.
Casting: Fireball (dangerous; 14% risk of failure)
Confirm with . or Enter, or press ? or * to list all spells.
A film of ice covers your body!
The phantasmal warrior hits you but does no damage.
Unknown command.
You hit the phantasmal warrior.
The phantasmal warrior is heavily damaged.
The phantasmal warrior hits you!
You barely miss the phantasmal warrior.
The phantasmal warrior is heavily damaged.
The phantasmal warrior barely misses you.
You riposte.
You barely miss the phantasmal warrior.
The phantasmal warrior is heavily damaged.
You slash the phantasmal warrior!
The phantasmal warrior is severely damaged.
The phantasmal warrior hits you!!
Your willpower is stripped away!
You slash the phantasmal warrior!
The phantasmal warrior is almost destroyed.
You block the phantasmal warrior's attack.
You hit the phantasmal warrior.
The phantasmal warrior is almost destroyed.
The phantasmal warrior hits you!!
* * * LOW HITPOINT WARNING * * *
Unknown command.
Casting: Ozocubu's Armour (safe; 1% risk of failure)
Confirm with . or Enter, or press ? or * to list all spells.
A chill wind blows around you. The phantasmal warrior hits you!!
You die...
Your body crumbles into a pile of gold.

......###.####...# .## #p##
........#.###....# .# #.#
##.....[.........# ########.#
#..........###.#.####...!....#
#..........#.....#.#...####..##
...#....#....#.#......## ##..###
#............#...[)....#####.....
#........#....Y....#<...##.......
#..............#@W.##$#.....####.
........[.......#..$..##...## #
..................###.##....#
..............###..##.###...##
..............###.#.####.....###
......#.............# #..##...##
.....#............#(####.####..^.
..........#........#.##.## ##...
.........####..##.......# #...


You could see a phantasmal warrior (ally target) and a friendly ice beast
(summoned).

Vanquished Creatures
  Rupert (D:13)
  Josephine (Lair:6)
  4 hydras
  3 catoblepae
  4 ogre magi
  A centaur warrior (D:13)
  2 boulder beetles
  2 death yaks (Lair:6)
  2 death knights
  12 two-headed ogres
  Urug (D:12)
  4 skeletal warriors
  2 deep elf pyromancers
  2 ugly things
  2 manticores
  A cyclops (D:14)
  An oklob plant (Lair:6)
  Maurice (D:13)
  29 elephants
  8 black mambas
  2 gargoyles
  6 cane toads
  Maggie (Lair:2)
  2 kobold demonologists
  2 freezing wraiths (D:14)
  3 komodo dragons
  An unseen horror (D:10)
  2 rime drakes (Lair:6)
  An efreet (D:13)
  4 trolls
  A hornet (D:8)
  7 blink frogs
  Prince Ribbit (D:5)
  5 slime creatures (D:14)
  A shadow (D:9)
  A vampire (D:11)
  5 wraiths
  3 wyverns
  32 yaks
  16 humans (D:12)
  A steam dragon (Lair:5)
  4 basilisks
  Grum (D:8)
  2 acid dragons
  3 wargs (Orc:1)
  15 water moccasins
  12 orc warriors
  3 ice beasts (IceCv)
  3 swamp drakes
  A sky beast (D:7)
  2 necrophages
  27 ogres
  4 centaurs
  10 wolves
  2 phantoms
  2 kobold brigands
  6 bullfrogs
  2 gnoll sergeants
  A wyvern zombie (D:8)
  A wyvern skeleton (D:6)
  3 scorpions
  3 killer bees (D:9)
  4 electric eels
  A howler monkey (D:8)
  10 wights
  A nameless horror (D:7)
  3 centaur zombies
  4 human zombies (D:10)
  A bullfrog zombie (D:5)
  A bullfrog skeleton (D:3)
  A gnoll shaman (D:5)
  A hound (D:7)
  3 jellies
  7 orc priests
  A centaur skeleton (D:7)
  An iguana (D:5)
  Terence (D:2)
  A human skeleton (D:10)
  17 orc wizards
  4 hell rats (Lair:4)
  A killer bee zombie (D:7)
  An ogre zombie (D:10)
  14 gnolls
  A howler monkey skeleton (D:7)
  5 adders
  A white imp (D:7)
  An ufetubus (D:7)
  An adder skeleton (D:5)
  A worm (D:2)
  A dart slug (D:3)
  52 orcs
  4 endoplasms
  A giant cockroach (D:4)
  8 goblins
  6 hobgoblins
  3 jackals (D:1)
  9 kobolds
  3 quokkas
  9 ball pythons
  8 bats
  2 frilled lizards
  7 rats
488 creatures vanquished.

Vanquished Creatures (collateral kills)
  Jorgrun (D:12)
  2 ettins (Orc:1)
  2 hydras
  An ogre mage (Orc:2)
  A boulder beetle (D:11)
  A centaur warrior (D:13)
  A catoblepas (Lair:6)
  6 two-headed ogres
  6 death yaks (Lair:6)
  A phantasmal warrior (D:12)
  An ugly thing (IceCv)
  2 manticores
  4 oklob plants (Lair:6)
  A cyclops (D:12)
  10 elephants
  A cane toad (Lair:6)
  3 komodo dragons
  2 ice devils (Lair:5)
  A troll (D:11)
  A wraith (Lair:6)
  4 yaks
  A steam dragon (D:8)
  A warg (Orc:1)
  4 ice beasts
  4 ogres
  A wolf (D:8)
  A bullfrog (D:8)
  3 wights
  An iguana (Lair:4)
  A howler monkey zombie (D:8)
  A gnoll (D:7)
  A nameless horror (Orc:1)
  2 orcs (Orc:1)
  A goblin (D:8)
  A kobold (D:8)
75 creatures vanquished.

Vanquished Creatures (others)
  47 fungi
  57 plants
104 creatures vanquished.

Grand Total: 667 creatures vanquished

Notes
Turn   | Place    | Note
-------+----------+-------------------------------------------
     0 | D:1      | Hasart the Mummy Ice Elementalist began the quest for the
                  | Orb.
     0 | D:1      | Reached XP level 1. HP: 13/13 MP: 4/4
   362 | D:1      | Reached XP level 2. HP: 19/19 MP: 2/5
  1500 | D:2      | Reached XP level 3. HP: 22/24 MP: 0/7
  1689 | D:2      | Learned a level 3 spell: Frozen Ramparts
  1835 | D:2      | Noticed Terence
  1858 | D:2      | Killed Terence
  1859 | D:2      | Reached XP level 4. HP: 9/30 MP: 0/9
  2172 | D:2      | Found a hide-covered altar of Uskayaw.
  2333 | D:2      | Found an iron altar of Okawaru.
  2822 | D:3      | Found an opulent altar of Gozag.
  2895 | D:3      | Became a worshipper of Gozag Ym Sagoz the Greedy
  3872 | D:4      | Found a blossoming altar of Fedhas.
  3882 | D:4      | Noticed a centaur
  4068 | D:4      | Learned a level 4 spell: Summon Ice Beast
  4105 | D:4      | Reached XP level 5. HP: 33/35 MP: 6/10
  4449 | D:4      | Killed a centaur
  4450 | D:4      | Reached skill level 1 in Summonings
  4450 | D:4      | Reached XP level 6. HP: 28/42 MP: 4/12
  4951 | D:5      | Entered Level 5 of the Dungeon
  4951 | D:5      | Noticed Prince Ribbit
  5022 | D:5      | Found a burning altar of Makhleb.
  5022 | D:5      | Found a snail-covered altar of Cheibriados.
  5022 | D:5      | Found a shadowy altar of Dithmenos.
  5022 | D:5      | Found a broken altar of Ashenzari.
  5183 | D:5      | Reached skill level 1 in Fighting
  5183 | D:5      | Reached skill level 5 in Ice Magic
  5185 | D:5      | Reached skill level 1 in Long Blades
  5192 | D:5      | Reached XP level 7. HP: 34/48 MP: 5/14
  5736 | D:5      | Reached skill level 5 in Spellcasting
  5852 | D:5      | Learned a level 4 spell: Hailstorm
  5856 | D:5      | Learned a level 3 spell: Ozocubu's Armour
  5873 | D:5      | Killed Prince Ribbit
  6011 | D:5      | Reached XP level 8. HP: 17/57 MP: 12/16
  6796 | D:5      | Found a staircase to the Ecumenical Temple.
  7176 | D:6      | Reached skill level 1 in Conjurations
  8964 | D:7      | Reached XP level 9. HP: 54/64 MP: 11/18
  9111 | D:7      | Found an ancient bone altar of Kikubaaqudgha.
  9203 | D:7      | Identified the ring of the Magpie {rC+ rN+ Will+ rCorr
                  | Int-4}
 11095 | D:8      | Found an ornate altar of the Wu Jian Council.
 11111 | D:8      | Noticed Grum
 11216 | D:8      | Killed Grum
 11243 | D:8      | Found a runed translucent gate.
 11243 | D:8      | Found a runed translucent gate.
 11243 | D:8      | Found a runed translucent gate.
 11353 | D:6      | Bought an amulet of regeneration for 480 gold pieces
 12117 | D:8      | Learned a level 3 spell: Mephitic Cloud
 12405 | D:8      | Noticed polve's ghost (novice DsAK)
 12535 | D:9      | Reached XP level 10. HP: 54/73 MP: 16/20
 12993 | D:9      | Noticed an angel
 13003 | D:9      | Found a shimmering altar of Xom.
 13361 | D:9      | Reached skill level 1 in Poison Magic
 13391 | D:10     | Entered Level 10 of the Dungeon
 13459 | D:10     | Reached skill level 1 in Air Magic
 13632 | D:10     | Reached skill level 5 in Dodging
 13676 | D:10     | Noticed a deep elf pyromancer
 13681 | D:10     | Killed a deep elf pyromancer
 14075 | D:10     | Found an ancient bone altar of Kikubaaqudgha.
 14215 | D:10     | Reached skill level 5 in Fighting
 14566 | D:11     | Noticed a cyan ugly thing
 14709 | D:11     | Killed a cyan ugly thing
 14887 | D:11     | Found a gateway to a bazaar.
 15334 | D:11     | Noticed a boulder beetle
 15334 | D:11     | Noticed a gargoyle
 15348 | D:11     | Killed a gargoyle
 15349 | D:11     | Reached XP level 11. HP: 72/79 MP: 5/23
 15558 | D:11     | Killed a boulder beetle
 15791 | D:11     | Found a staircase to the Lair.
 15841 | D:11     | Noticed a boulder beetle
 16043 | D:11     | Killed a boulder beetle
 16248 | D:12     | Noticed Jorgrun
 16298 | Lair:1   | Entered Level 1 of the Lair of Beasts
 16581 | Lair:1   | Learned a level 2 spell: Blink
 17661 | Lair:2   | Identified a scroll of acquirement
 17661 | Lair:2   | Acquired the ring "Ifoulloq" {Will+ Str+4}
 17869 | Lair:2   | Noticed Maggie
 17886 | Lair:2   | Killed Maggie
 18288 | Lair:2   | Reached skill level 5 in Summonings
 18485 | Lair:2   | Reached skill level 5 in Long Blades
 19077 | Lair:3   | Identified the +0 ring mail of Instinct {rElec Dex+2}
 19094 | Lair:3   | Reached skill level 5 in Conjurations
 19153 | Lair:3   | Reached XP level 12. HP: 77/86 MP: 17/25
 19285 | Lair:3   | Noticed a six-headed hydra
 19291 | Lair:3   | Killed a six-headed hydra
 19485 | Lair:3   | Reached skill level 1 in Shields
 19487 | Lair:3   | Reached skill level 1 in Armour
 19904 | Lair:4   | Noticed a six-headed hydra
 19914 | Lair:4   | Killed a six-headed hydra
 20595 | Lair:4   | Found a staircase to the Swamp.
 20620 | Lair:4   | Reached skill level 10 in Ice Magic
 20736 | Lair:4   | Reached skill level 10 in Spellcasting
 20927 | Lair:4   | Found a staircase to the Snake Pit.
 21290 | Lair:4   | Learned a level 4 spell: Summon Lightning Spire
 21361 | Lair:5   | Found a frozen archway.
 21392 | IceCv    | Entered an ice cave
 21531 | IceCv    | Identified the +1 robe "Toz Gour" {+Fly rC+ Will+}
 22062 | Lair:5   | Identified the +5 morningstar of Slimy Subterfuge {drain,
                  | Will+ Int-4 Dex+4}
 22668 | Lair:5   | Noticed a four-headed hydra
 22678 | Lair:5   | Killed a four-headed hydra
 22679 | Lair:5   | Gained mutation: You are in touch with the powers of death.
                  | [Mummy growth]
 22679 | Lair:5   | Reached XP level 13. HP: 71/91 MP: 11/27
 23385 | Lair:6   | Entered Level 6 of the Lair of Beasts
 24539 | Lair:6   | Reached skill level 5 in Air Magic
 25822 | Lair:6   | Noticed Josephine
 25972 | Lair:6   | Killed Josephine
 26302 | Lair:6   | Reached XP level 14. HP: 65/98 MP: 18/29
 26330 | Lair:6   | Found a staircase to the Slime Pits.
 27214 | Bazaar   | Entered a bazaar
 27223 | Bazaar   | Found Yhakhapp's Book Shop.
 27251 | Bazaar   | Found Hiocaog's Book Shop.
 27275 | Bazaar   | Bought a book of Annihilations for 883 gold pieces
 27295 | Bazaar   | Bought Sanay's Papyrus of Venom for 576 gold pieces
 27295 | Bazaar   | Bought a book of Power for 405 gold pieces
 27295 | Bazaar   | Bought a book of Flames for 315 gold pieces
 27322 | D:11     | Learned a level 4 spell: Sticky Flame
 27493 | D:12     | Found a transporter.
 27493 | D:12     | Noticed t4s4d4r's ghost (journeyman OpFi)
 27504 | D:12     | Identified the +1 great mace "Awnegeotz" {vorpal, rC+
                  | Dex+4}
 28324 | D:12     | Reached skill level 5 in Shields
 28663 | D:12     | Found a transporter.
 28801 | D:12     | Killed Jorgrun
 28802 | D:12     | Reached skill level 5 in Armour
 28802 | D:12     | Reached skill level 1 in Fire Magic
 28996 | D:12     | Found a staircase to the Orcish Mines.
 29041 | Orc:1    | Entered Level 1 of the Orcish Mines
 29363 | Orc:2    | Entered Level 2 of the Orcish Mines
 29417 | Orc:1    | Found a bloodstained altar of Trog.
 29938 | Orc:2    | Found a staircase to the Elven Halls.
 29992 | Orc:2    | Found Faqaeggu's Distillery.
 29992 | Orc:2    | Found Qodin's Armour Emporium.
 29993 | Orc:2    | Found Ustaota's Armour Emporium.
 29993 | Orc:2    | Found Uwoh's Weapon Boutique.
 31373 | D:12     | Found a bloodstained altar of Trog.
 31413 | D:12     | Bought a warped dagger for 217 gold pieces
 31413 | D:12     | Identified the +5 dagger of the Dark Horse {vorpal, MP+9
                  | Str+2 Dex-4 SInv} (You bought it in a shop on level 12 of
                  | the Dungeon)
 31413 | D:12     | Bought a slimy scimitar for 279 gold pieces
 31413 | D:12     | Identified the +9 scimitar of Defilement {drain, SInv} (You
                  | bought it in a shop on level 12 of the Dungeon)
 31413 | D:12     | Bought a jewelled falchion for 248 gold pieces
 31413 | D:12     | Identified the +5 falchion "Kimug" {vorpal, rPois Dex+3}
                  | (You bought it in a shop on level 12 of the Dungeon)
 31480 | D:13     | Found a gate to the Vaults.
 31480 | D:13     | Noticed Rupert
 31480 | D:13     | Noticed Urug
 31740 | D:12     | Killed Urug
 32083 | D:12     | Learned a level 5 spell: Fireball
 32121 | D:13     | Noticed Maurice
 32128 | D:13     | Killed Maurice
 32187 | D:13     | HP: 3/98 [centaur warrior/+0 glaive (10)]
 32673 | D:13     | Upgraded the game from 0.27-a0-808-g60bc5d92e6 to
                  | 0.27-a0-836-gfc908b8576
 32870 | D:13     | Reached XP level 15. HP: 101/103 MP: 21/31
 32943 | D:13     | Killed Rupert
 34742 | D:14     | Slain by a phantasmal warrior

Illustrated notes

Levels and vault maps discovered:
D:1:      ebering_hopf_link, layout_basic, hangedman_decor_push,
          kennysheep_another_room
D:2:      layout_loops_cross, lemuel_coloured_pillars_altar,
          general_overflow_altar, minmay_hexomino_f4, uniq_terence
D:3:      layout_basic, nicolae_gozag_cash_rules_everything_around_me
D:4:      layout_loops_cross, fedhas_bush_and_centaur_altar
D:5:      layout_rooms, grunt_temple_overflow_open,
          minmay_temple_entry_poolview, kennysheep_generic_room_7,
          uniq_prince_ribbit1
D:6:      layout_rooms, old_standard_altar, nicolae_overflow_hidden_temple,
          nrook_pool_corridor, item_on_display_a
D:7:      layout_basic, marbit_many_paths, elyvilon_altar_5
D:8:      layout_cave_pools, nicolae_wu_jian_wuxing_cycle, gammafunk_ghost_icy,
          enter_bailey_5, uniq_grum
D:9:      old_forge, layout_cave_pools, grunt_temple_overflow_order_and_chaos_1
D:10:     layout_loops_ring, lemuel_mausoleum_altar_kikubaaqudgha
D:11:     lemuel_flame_loot_2, layout_loops_corners, lair_entry_dummy,
          serial_shops, bzr_entry_road
D:12:     layout_small_grid, erik_orc_2, gammafunk_ghost_mausoleum,
          amcnicky_altar_gilded, uniq_jorgrun
D:13:     layout_rooms, david_vaults_3, grunt_decor_resistance, uniq_maurice
D:14:     layout_layer_cave, basic_altar, corexii_corridor_pit
Lair:1:   layout_layer_cave
Lair:2:   layout_cave_pods, lemuel_fruit_tree, uniq_maggie
Lair:3:   layout_chaotic_city, grunt_megastairs_4
Lair:4:   layout_cave_pods, minmay_swamp_entry_reptiles, dummy_snake_entry,
          grunt_megastairs_2
Lair:5:   layout_layer_cave, portal_ice_cave_demonic_guard,
          chequers_serial_rivers_large_a, guppyfry_lair_drakes
Lair:6:   evilmike_catoblepas_cave, layout_regular_city,
          minmay_slime_entry_oklob_enclosed, uniq_josephine
Orc:1:    layout_caves, bloody_trog
Orc:2:    st_orc_ogre_mass, layout_caves

Skill      XL: |  1  2  3  4  5  6  7  8  9 10 11 12 13 14 15 |
---------------+----------------------------------------------+-----
Spellcasting   | 3 4 5 6 7 8 9 10 11 12 13 | 13.0
Dodging        | 2 3 4 5 |  5.0
Ice Magic      | 4 5 6 7 8 9 10 11 12 13 | 13.3
Summonings     | 1 2 3 4 5 6 |  6.0
Fighting       | 1 2 3 4 5 |  5.0
Long Blades    | 1 2 3 4 5 |  5.0
Conjurations   | 1 2 3 5 6 7 8 |  8.0
Poison Magic   | 2 3 4 |  4.0
Air Magic      | 2 3 4 5 6 |  6.0
Shields        | 3 4 5 |  5.0
Armour         | 3 4 5 |  5.0
Fire Magic     | 3 4 |  4.7
Stealth        | |  1.5

Action                   |  1- 3 |  4- 6 |  7- 9 | 10-12 | 13-15 || total
-------------------------+-------+-------+-------+-------+-------++-------
Melee: Unarmed           |     4 |       |       |       |       ||     4
       Dagger            |    15 |    22 |       |       |       ||    37
       Falchion          |       |     8 |   118 |   301 |   269 ||   696
       Hand axe          |       |     1 |       |       |       ||     1
       Scimitar          |       |       |       |       |   127 ||   127
Throw: Javelin           |       |       |     2 |       |       ||     2
 Cast: Freeze            |    50 |    45 |    53 |    58 |    94 ||   300
       Frozen Ramparts   |     1 |     9 |    32 |    56 |    56 ||   154
       Ozocubu's Armour  |       |       |     2 |     4 |    26 ||    32
       Summon Ice Beast  |       |       |    30 |    58 |   126 ||   214
       Hailstorm         |       |       |     6 |    28 |    77 ||   111
       Mephitic Cloud    |       |       |       |     9 |    11 ||    20
       Summon Lightning  |       |       |       |    11 |    16 ||    27
       Sticky Flame      |       |       |       |       |    25 ||    25
       Fireball          |       |       |       |       |    13 ||    13
Invok: Call Merchant     |       |       |     1 |       |     3 ||     4
Evoke: Wand              |       |       |       |     2 |       ||     2
  Use: Scroll            |       |       |    11 |     4 |     1 ||    16
 Stab: Sleeping          |     1 |     2 |       |     2 |       ||     5
       Distracted        |       |       |       |     7 |     4 ||    11
       Confused          |       |       |       |     4 |     1 ||     5
Armor: Robe              |     6 |    10 |    31 |    13 |       ||    60
       Acid dragon scale |       |       |       |   128 |   233 ||   361
Dodge: Dodged            |    37 |    39 |   143 |   242 |   365 ||   826
Block: Other             |       |       |    31 |       |       ||    31
       Reflection        |       |       |     2 |       |       ||     2
       Buckler           |       |       |       |       |    94 ||    94
       Rpst.: Falchion   |       |     6 |    26 |    68 |    59 ||   159
       Scimitar          |       |       |       |       |    18 ||    18

Table legend: (Time is in decaauts)
 A = Elapsed time spent in this place.
 B = Non-inter-level travel time spent in this place.
 C = Inter-level travel time spent in this place.
 D = Time resting spent in this place.
 E = Time spent auto-exploring this place.
 F = Levels seen in this place.
 G = Mean time per level.
                   A        B        C        D        E       F      G
               +--------+--------+--------+--------+--------+-----+--------+
         Total |  34878 |  33332 |   1546 |   7593 |  19871 |  24 | 1453.2 |
       Dungeon |  21587 |  20680 |    907 |   5530 |  11821 |  14 | 1541.9 |
          Lair |  10280 |   9793 |    487 |   1494 |   6576 |   6 | 1713.3 |
  Orcish Mines |   2306 |   2155 |    151 |    291 |   1413 |   2 | 1153.0 |
        Bazaar |     95 |     95 |      0 |      0 |     26 |   1 |   95.0 |
      Ice Cave |    608 |    608 |      0 |    278 |     35 |   1 |  608.0 |
               +--------+--------+--------+--------+--------+-----+--------+

Top non-repeatable levels by time:
  Lair:6: 3379 daAuts
    D:12: 2850 daAuts
     D:6: 2343 daAuts
     D:7: 2215 daAuts
  Lair:5: 1901 daAuts
    D:11: 1835 daAuts
     D:5: 1507 daAuts
     D:4: 1494 daAuts
    D:13: 1428 daAuts
     D:3: 1382 daAuts
     D:1: 1344 daAuts
  Lair:4: 1341 daAuts
  Lair:2: 1267 daAuts
  Lair:3: 1226 daAuts
   Orc:2: 1195 daAuts
